Penguins vs Kings

Created - 9 avril 2020 at 17:13

Goals
1 2 3 OT1 T
Penguins 0 1 1 1 3
Kings 0 1 1 0 2
Shots
1 2 3 OT1 T
Penguins 13 11 9 2 35
Kings 10 7 10 0 27

1st period

No Goal

Penalties :
No Penalty

2nd period

1. Kings , Alex Ovechkin 41 (Artem Anisimov 24) at 11:25
2. Penguins , Sam Bennett 9 (Brian Boyle 8, Brent Burns 40) at 14:23

Penalties :
No Penalty

3rd period

3. Kings , Alex Ovechkin 42 (Artem Anisimov 25) at 15:14
4. Penguins , Auston Matthews 28 (Tyler Myers 7, Mikael Granlund 39) at 19:40

Penalties :
Tim Schaller (PIT) for Hooking (Minor) at 0:35, Alex Ovechkin (LAK) for Tripping (Minor) at 10:48

Overtime #1

5. Penguins , Brian Boyle 9 (Auston Matthews 37, Brent Burns 41) at 3:48

Penalties :
No Penalty

Goalie Stats

Tuukka Rask (PIT), 25 saves from 27 shots - (0,926), W, 24-27-6, 63:16 minutes
Semyon Varlamov (LAK), 32 saves from 35 shots - (0,914), OTL, 11-9-5, 63:48 minutes

Players Stats for Penguins

Player Name              G  A  P  +/- PIM S  H  SB GA TA FO     MP     PP MP  PK MP  
------------------------------------------------------------------------------------
Adam Lowry               0  0  0  -1  0   2  1  1  0  0  1/2    15:29   0:47   0:00 
Auston Matthews          1  1  2   1  0   3  2  0  0  0  21/29  20:36   1:12   1:07 
Brent Burns              0  2  2   2  0   4  1  3  3  1  0/0    28:58   1:09   1:18 
Brian Boyle              1  1  2   2  0   2  0  0  1  0  0/1    13:49   1:09   1:28 
Cale Makar               0  0  0  -2  0   4  0  3  0  1  0/0    20:27   0:50   0:41 
Dmitry Orlov             0  0  0   1  0   0  0  0  0  0  0/0    13:23   0:00   0:13 
Joel Armia               0  0  0  -1  0   2  0  2  0  0  0/0    16:41   0:47   0:23 
Markus Granlund          0  0  0   0  0   3  0  1  0  1  1/11   15:51   0:00   0:00 
Mikael Granlund          0  1  1   0  0   6  0  0  0  0  0/0    20:20   1:12   1:07 
Mikkel Boedker           0  0  0   0  0   1  1  0  1  0  0/0    16:05   0:00   0:29 
Miro Heiskanen           0  0  0   1  0   0  0  3  0  3  0/0    24:14   0:00   0:00 
Patric Hornqvist         0  0  0   0  0   3  0  0  1  2  0/0    19:14   1:12   0:23 
Reid Boucher             0  0  0   0  0   0  1  0  0  1  0/0    15:10   0:00   0:00 
Roman Polak              0  0  0  -2  0   1  0  1  1  0  0/0    21:07   0:50   0:41 
Sam Bennett              1  0  1   1  0   3  1  0  1  0  1/4     9:14   0:00   0:06 
Steve Bernier            0  0  0   1  0   1  0  0  0  0  0/0     9:01   0:00   0:00 
Tim Schaller             0  0  0  -1  2   0  1  1  0  0  3/15   16:16   0:47   0:00 
Tyler Myers              0  1  1   1  0   0  0  1  0  2  0/0    13:10   0:00   0:00 
Vladimir Sobotka         0  0  0   0  0   0  0  0  0  0  0/0     0:19   0:00   0:00 

Players Stats for Kings

Player Name              G  A  P  +/- PIM S  H  SB GA TA FO     MP     PP MP  PK MP  
------------------------------------------------------------------------------------
Alex Goligoski           0  0  0  -1  0   0  1  1  0  0  0/0    22:53   1:13   0:00 
Alex Ovechkin            2  0  2   1  2   4  2  0  5  0  1/1    19:04   0:55   0:00 
Alexander Radulov        0  0  0   2  0   3  2  1  2  0  0/0    17:57   0:55   0:00 
Artem Anisimov           0  2  2   2  0   4  2  1  0  0  11/19  18:32   0:55   0:29 
Artemi Panarin           0  0  0  -1  0   0  2  1  0  0  0/1    19:46   1:04   0:00 
Artturi Lehkonen         0  0  0   0  0   1  3  1  2  0  2/2    14:00   0:00   1:19 
Brian Dumoulin           0  0  0   1  0   1  1  4  0  1  0/0    23:12   0:46   1:20 
Carter Rowney            0  0  0   0  0   1  2  0  0  0  1/1     8:54   0:00   0:00 
Danny DeKeyser           0  0  0  -1  0   0  0  1  0  2  0/0    16:39   0:00   0:39 
Jonas Brodin             0  0  0   1  0   0  0  2  0  0  0/0    22:24   0:46   1:20 
Luke Schenn              0  0  0   0  0   2  1  0  0  2  0/0    14:43   0:00   0:39 
Nikolay Goldobin         0  0  0   0  0   3  0  0  1  0  0/0     8:54   0:00   0:00 
Sean Kuraly              0  0  0  -1  0   0  2  0  0  0  3/4    10:28   0:00   0:10 
Shea Weber               0  0  0  -1  0   1  1  2  0  1  0/0    23:57   1:13   0:00 
Taro Hirose              0  0  0   0  0   2  0  0  0  0  0/0    13:10   0:00   0:00 
Tomas Hertl              0  0  0  -3  0   1  1  2  0  1  12/22  21:37   1:04   0:43 
Tyler Johnson            0  0  0  -1  0   2  1  0  1  1  1/2    18:36   1:04   0:00 
Zack Smith               0  0  0  -1  0   2  1  3  0  0  4/10   14:38   0:00   1:17 

3 Stars

1 - Brian Boyle (PIT)
2 - Auston Matthews (PIT)
3 - Alex Ovechkin (LAK)

Power Play

Penguins - 0 on 1 Attempt(s) - 0,00%
Kings - 0 on 1 Attempt(s) - 0,00%

Penalty Kill

Penguins - 1 on 1 Attempt(s) - 100,00% - Score 0 goal in Penalty Kill
Kings - 1 on 1 Attempt(s) - 100,00% - Score 0 goal in Penalty Kill

Team Stat

Penguins - Hits : 8 - Faceoff Wins : 27 - Blocked Shots : 16 - Penalty Minutes : 2
Kings - Hits : 22 - Faceoff Wins : 35 - Blocked Shots : 19 - Penalty Minutes : 2

Official

Referees : Dennis LaRue and Ian Walsh
Linesman : Bryan Pancich and Steve Barton

Game Notes

No Game Note

Finance

Level 1 -- Attendance: 5769 (96,15%) -- Ticket Income 519 210 $
Level 2 -- Attendance: 4944 (98,88%) -- Ticket Income 247 200 $
Level 3 -- Attendance: 1967 (98,35%) -- Ticket Income 59 010 $
Level 4 -- Attendance: 4000 (100,00%) -- Ticket Income 40 000 $
Luxury Box -- Attendance: 1000 (100,00%) -- Ticket Income 160 000 $
Game was played at the Hollywood Garden.
Total Attendance: 17680 (98,22%)
Total Ticket Income: 1 025 420 $
Other Income: 502 456 $
Total Income: 1 527 876 $

Penguins

5 vs 5 Forward 
   Center                   Left Wing                Right Wing               Time % Phy DF OF 
 1 Auston Matthews          Mikael Granlund          Patric Hornqvist         33     1   2  2  
 2 Tim Schaller             Adam Lowry               Joel Armia               30     1   2  2  
 3 Markus Granlund          Mikkel Boedker           Reid Boucher             27     1   2  2  
 4 Sam Bennett              Brian Boyle              Steve Bernier            10     1   2  2  

5 vs 5 Defense 
   Defense                  Defense                                           Time % Phy DF OF 
 1 Brent Burns              Miro Heiskanen                                    40     1   2  2  
 2 Roman Polak              Cale Makar                                        30     1   2  2  
 3 Tyler Myers              Dmitry Orlov                                      20     1   2  2  
 4 Miro Heiskanen           Brent Burns                                       10     1   2  2  

PowerPlay Forward 
   Center                   Left Wing                Right Wing               Time % Phy DF OF 
 1 Auston Matthews          Mikael Granlund          Patric Hornqvist         60     1   2  2  
 2 Tim Schaller             Adam Lowry               Joel Armia               40     1   2  2  

PowerPlay Defense
   Defense                  Defense                                           Time % Phy DF OF 
 1 Brent Burns              Brian Boyle                                       60     1   2  2  
 2 Roman Polak              Cale Makar                                        40     1   2  2  

Penalty Kill 4 Players Forward 
   Center                   Wing                     Time % Phy DF OF 
 1 Auston Matthews          Mikael Granlund          60     1   2  2  
 2 Patric Hornqvist         Joel Armia               40     1   2  2  

Penalty Kill 4 Players Defense
   Defense                  Defense                  Time % Phy DF OF 
 1 Brent Burns              Brian Boyle              60     1   2  2  
 2 Roman Polak              Cale Makar               40     1   2  2  

Penalty Kill - 3 Players Forward 
   Forward                                           Time % Phy DF OF 
 1 Auston Matthews                                   60     1   2  2  
 2 Mikael Granlund                                   40     1   2  2  

Penalty Kill - 3 Players Defense
   Defense                  Defense                  Time % Phy DF OF 
 1 Brent Burns              Brian Boyle              60     1   2  2  
 2 Roman Polak              Cale Makar               40     1   2  2  

4 vs 4 Forward 
   Center                   Wing                     Time % Phy DF OF 
 1 Auston Matthews          Mikael Granlund          60     1   2  2  
 2 Patric Hornqvist         Joel Armia               40     1   2  2  

4 vs 4 Defense
   Defense                  Defense                  Time % Phy DF OF 
 1 Brent Burns              Brian Boyle              60     1   2  2  
 2 Roman Polak              Cale Makar               40     1   2  2  

Last Minutes Offensive
   Center                   Left Wing                Right Wing               Defense                  Defense                  
   Auston Matthews          Mikael Granlund          Patric Hornqvist         Brent Burns              Brian Boyle              

Last Minutes Defensive
   Center                   Left Wing                Right Wing               Defense                  Defense                  
   Auston Matthews          Mikael Granlund          Patric Hornqvist         Brent Burns              Brian Boyle              

Goaltenders
Starting : Tuukka Rask              
Backup : Jack Campbell            

Extra Forwards
Normal : Vladimir Sobotka, Markus Granlund, Mikkel Boedker - PP : Vladimir Sobotka, Markus Granlund - PK : Mikkel Boedker
Extra Defensemen
Normal : Tyler Myers, Dmitry Orlov, Miro Heiskanen - PP : Tyler Myers - PK : Dmitry Orlov, Miro Heiskanen
Penalty Shots
Brent Burns, Auston Matthews, Brian Boyle, Mikael Granlund, Patric Hornqvist
Custom OT Lines Forwards
Brent Burns, Auston Matthews, Brian Boyle, Mikael Granlund, Patric Hornqvist, Joel Armia, Tim Schaller, Markus Granlund, Adam Lowry, Mikkel Boedker
Custom OT Lines Defensemen
Brent Burns, Brian Boyle, Roman Polak, Cale Makar, Tyler Myers

Scratches
Niklas Kronwall (Healthy)

Kings

5 vs 5 Forward 
   Center                   Left Wing                Right Wing               Time % Phy DF OF 
 1 Tomas Hertl              Tyler Johnson            Artemi Panarin           36     0   1  4  
 2 Artem Anisimov           Alex Ovechkin            Alexander Radulov        35     0   1  4  
 3 Zack Smith               Taro Hirose              Artturi Lehkonen         21     1   2  2  
 4 Sean Kuraly              Nikolay Goldobin         Carter Rowney            8      1   2  2  

5 vs 5 Defense 
   Defense                  Defense                                           Time % Phy DF OF 
 1 Shea Weber               Alex Goligoski                                    40     1   3  1  
 2 Jonas Brodin             Brian Dumoulin                                    36     1   3  1  
 3 Luke Schenn              Danny DeKeyser                                    24     1   3  1  
 4 Alex Goligoski           Shea Weber                                        0      1   3  1  

PowerPlay Forward 
   Center                   Left Wing                Right Wing               Time % Phy DF OF 
 1 Tomas Hertl              Tyler Johnson            Artemi Panarin           60     0   1  4  
 2 Artem Anisimov           Alex Ovechkin            Alexander Radulov        40     0   1  4  

PowerPlay Defense
   Defense                  Defense                                           Time % Phy DF OF 
 1 Shea Weber               Alex Goligoski                                    60     1   1  3  
 2 Jonas Brodin             Brian Dumoulin                                    40     1   1  3  

Penalty Kill 4 Players Forward 
   Center                   Wing                     Time % Phy DF OF 
 1 Zack Smith               Artturi Lehkonen         60     1   4  0  
 2 Sean Kuraly              Artturi Lehkonen         40     1   4  0  

Penalty Kill 4 Players Defense
   Defense                  Defense                  Time % Phy DF OF 
 1 Brian Dumoulin           Jonas Brodin             60     1   4  0  
 2 Danny DeKeyser           Luke Schenn              40     1   4  0  

Penalty Kill - 3 Players Forward 
   Forward                                           Time % Phy DF OF 
 1 Tomas Hertl                                       60     1   4  0  
 2 Zack Smith                                        40     1   4  0  

Penalty Kill - 3 Players Defense
   Defense                  Defense                  Time % Phy DF OF 
 1 Shea Weber               Alex Goligoski           60     1   4  0  
 2 Brian Dumoulin           Jonas Brodin             40     1   4  0  

4 vs 4 Forward 
   Center                   Wing                     Time % Phy DF OF 
 1 Tomas Hertl              Alex Ovechkin            60     0   2  3  
 2 Tyler Johnson            Alexander Radulov        40     0   2  3  

4 vs 4 Defense
   Defense                  Defense                  Time % Phy DF OF 
 1 Shea Weber               Alex Goligoski           60     0   2  3  
 2 Brian Dumoulin           Jonas Brodin             40     0   2  3  

Last Minutes Offensive
   Center                   Left Wing                Right Wing               Defense                  Defense                  
   Tomas Hertl              Alex Ovechkin            Artemi Panarin           Shea Weber               Alex Goligoski           

Last Minutes Defensive
   Center                   Left Wing                Right Wing               Defense                  Defense                  
   Tomas Hertl              Sean Kuraly              Zack Smith               Shea Weber               Alex Goligoski           

Goaltenders
Starting : Semyon Varlamov          
Backup : Jimmy Howard             

Extra Forwards
Normal : Artturi Lehkonen, Artem Anisimov, Zack Smith - PP : Artem Anisimov, Artturi Lehkonen - PK : Zack Smith
Extra Defensemen
Normal : Danny DeKeyser, Luke Schenn, Brian Dumoulin - PP : Danny DeKeyser - PK : Shea Weber, Danny DeKeyser
Penalty Shots
Alexander Radulov, Artemi Panarin, Alex Ovechkin, Tomas Hertl, Tyler Johnson
Custom OT Lines Forwards
Alex Ovechkin, Tomas Hertl, Artemi Panarin, Alexander Radulov, Artem Anisimov, Taro Hirose, Tyler Johnson, Zack Smith, Artturi Lehkonen, Sean Kuraly
Custom OT Lines Defensemen
Danny DeKeyser, Shea Weber, Brian Dumoulin, Jonas Brodin, Alex Goligoski

Scratches
None


% Time on Ice - Penguins

Lines # - Real PCT - Wanted PCT - Time Play
Normal Forward
1 - 30% - 33% - 16:25
2 - 27% - 30% - 14:42
3 - 27% - 27% - 15:10
4 - 16% - 10% - 9:01
Normal Defense
1 - 38% - 40% - 21:11
2 - 33% - 30% - 18:16
3 - 22% - 20% - 12:26
4 - 6% - 10% - 3:25
PP Forward
1 - 61% - 60% - 1:12
2 - 39% - 40% - 0:47
PP Defense
1 - 58% - 60% - 1:09
2 - 42% - 40% - 0:50
PK Forward
1 - 81% - 60% - 1:36
2 - 19% - 40% - 0:23
PK Defense
1 - 66% - 60% - 1:18
2 - 34% - 40% - 0:41
PK3 Forward
1 - 0% - 60%
2 - 0% - 40%
PK3 Defense
1 - 0% - 60%
2 - 0% - 40%
44 Forward
1 - 0% - 60%
2 - 0% - 40%
44 Defense
1 - 0% - 60%
2 - 0% - 40%
Last Minute Offensive  - 0:44
Last Minute Defensive  - 0:00
Total
Forward - 60:00
Defense - 60:00

% Time on Ice - Kings

Lines # - Real PCT - Wanted PCT - Time Play
Normal Forward
1 - 33% - 36% - 17:57
2 - 29% - 35% - 15:55
3 - 22% - 21% - 12:22
4 - 16% - 8% - 8:54
Normal Defense
1 - 40% - 40% - 22:10
2 - 36% - 36% - 19:48
3 - 24% - 24% - 13:10
4 - 0% - 0% - 0:00
PP Forward
1 - 54% - 60% - 1:04
2 - 46% - 40% - 0:55
PP Defense
1 - 61% - 60% - 1:13
2 - 39% - 40% - 0:46
PK Forward
1 - 100% - 60% - 1:59
2 - 0% - 40% - 0:00
PK Defense
1 - 67% - 60% - 1:20
2 - 33% - 40% - 0:39
PK3 Forward
1 - 0% - 60%
2 - 0% - 40%
PK3 Defense
1 - 0% - 60%
2 - 0% - 40%
44 Forward
1 - 0% - 60%
2 - 0% - 40%
44 Defense
1 - 0% - 60%
2 - 0% - 40%
Last Minute Offensive  - 0:00
Last Minute Defensive  - 0:54
Total
Forward - 60:00
Defense - 60:00

Play-by-Play

1st period


0:01 of 1st period - Auston Matthews wins face-off versus Tomas Hertl in neutral zone.
0:08 of 1st period - Wrist shot by Mikael Granlund.
0:08 of 1st period - Shot Misses the Net.
0:54 of 1st period - Snap shot by Brent Burns.
0:54 of 1st period - Shot Misses the Net.
0:58 of 1st period - Snap shot by Markus Granlund.
0:58 of 1st period - Shot Misses the Net.
1:36 of 1st period - Wrist shot by Auston Matthews.
1:36 of 1st period - Shot Blocked by Jonas Brodin.
1:38 of 1st period - Snap shot by Auston Matthews.
1:38 of 1st period - Stopped by Semyon Varlamov without a rebound.
1:39 of 1st period - Artem Anisimov wins face-off versus Tim Schaller in Kings zone.
1:58 of 1st period - Dmitry Orlov is hit by Artem Anisimov and loses puck.
2:09 of 1st period - Snap shot by Joel Armia.
2:09 of 1st period - Stopped by Semyon Varlamov with a rebound.
2:11 of 1st period - Snap shot by Markus Granlund.
2:11 of 1st period - Deflect By Artemi Panarin.
2:11 of 1st period - Stopped by Semyon Varlamov with a rebound.
3:41 of 1st period - Shea Weber is hit by Tim Schaller and loses puck.
4:28 of 1st period - Snap shot by Artturi Lehkonen.
4:28 of 1st period - Stopped by Tuukka Rask with a rebound.
5:18 of 1st period - Slapshot by Brent Burns.
5:18 of 1st period - Shot Misses the Net.
5:20 of 1st period - Snap shot by Markus Granlund.
5:20 of 1st period - Shot Misses the Net.
5:22 of 1st period - Slapshot by Miro Heiskanen.
5:22 of 1st period - Shot Misses the Net.
5:24 of 1st period - Slapshot by Markus Granlund.
5:24 of 1st period - Shot Misses the Net.
5:26 of 1st period - Slapshot by Brent Burns.
5:26 of 1st period - Shot Misses the Net.
5:32 of 1st period - Slapshot by Markus Granlund.
5:32 of 1st period - Stopped by Semyon Varlamov without a rebound.
5:33 of 1st period - Artem Anisimov wins face-off versus Tim Schaller in Kings zone.
6:22 of 1st period - Wrist shot by Sam Bennett.
6:22 of 1st period - Stopped by Semyon Varlamov without a rebound.
6:23 of 1st period - Tomas Hertl wins face-off versus Sam Bennett in Kings zone.
7:27 of 1st period - Wrist shot by Sam Bennett.
7:27 of 1st period - Shot Misses the Net.
7:45 of 1st period - Snap shot by Sam Bennett.
7:45 of 1st period - Shot Blocked by Tomas Hertl.
7:47 of 1st period - Wrist shot by Steve Bernier.
7:47 of 1st period - Deflect By Brian Boyle.
7:47 of 1st period - Stopped by Semyon Varlamov with a rebound.
7:49 of 1st period - Snap shot by Steve Bernier.
7:49 of 1st period - Stopped by Semyon Varlamov with a rebound.
8:07 of 1st period - Wrist shot by Brian Boyle.
8:07 of 1st period - Shot Misses the Net.
8:37 of 1st period - Slapshot by Sam Bennett.
8:37 of 1st period - Stopped by Semyon Varlamov without a rebound.
8:38 of 1st period - Artem Anisimov wins face-off versus Auston Matthews in Kings zone.
9:26 of 1st period - Off-side.
9:27 of 1st period - Carter Rowney wins face-off versus Markus Granlund in neutral zone.
9:30 of 1st period - Cale Makar is hit by Carter Rowney and loses puck.
10:20 of 1st period - Slapshot by Cale Makar.
10:20 of 1st period - Shot Misses the Net.
10:22 of 1st period - Slapshot by Roman Polak.
10:22 of 1st period - Deflect By Artturi Lehkonen.
10:22 of 1st period - Stopped by Semyon Varlamov with a rebound.
10:24 of 1st period - Slapshot by Roman Polak.
10:24 of 1st period - Shot Blocked by Shea Weber.
10:50 of 1st period - Slapshot by Shea Weber.
10:50 of 1st period - Shot Blocked by Brent Burns.
10:52 of 1st period - Wrist shot by Artem Anisimov.
10:52 of 1st period - Stopped by Tuukka Rask without a rebound.
10:53 of 1st period - Auston Matthews wins face-off versus Artem Anisimov in Penguins zone.
11:04 of 1st period - Icing by Auston Matthews.
11:05 of 1st period - Auston Matthews wins face-off versus Artem Anisimov in Penguins zone.
11:16 of 1st period - Wrist shot by Alex Ovechkin.
11:16 of 1st period - Shot Blocked by Miro Heiskanen.
11:18 of 1st period - Snap shot by Artem Anisimov.
11:18 of 1st period - Stopped by Tuukka Rask with a rebound.
11:20 of 1st period - Backhand shot by Artem Anisimov.
11:20 of 1st period - Deflect By Mikael Granlund.
11:20 of 1st period - Shot Misses the Net.
11:20 of 1st period - Puck is out of play.
11:21 of 1st period - Zack Smith wins face-off versus Tim Schaller in Penguins zone.
11:22 of 1st period - Snap shot by Taro Hirose.
11:22 of 1st period - Shot Misses the Net.
11:24 of 1st period - Slapshot by Shea Weber.
11:24 of 1st period - Shot Blocked by Miro Heiskanen.
11:26 of 1st period - Slapshot by Shea Weber.
11:26 of 1st period - Shot Misses the Net.
11:28 of 1st period - Slapshot by Alex Goligoski.
11:28 of 1st period - Shot Blocked by Brent Burns.
11:34 of 1st period - Slapshot by Shea Weber.
11:34 of 1st period - Shot Blocked by Miro Heiskanen.
11:36 of 1st period - Snap shot by Zack Smith.
11:36 of 1st period - Shot Misses the Net.
12:03 of 1st period - Wrist shot by Artemi Panarin.
12:03 of 1st period - Deflect By Tomas Hertl.
12:03 of 1st period - Shot Misses the Net.
12:03 of 1st period - Puck is out of play.
12:04 of 1st period - Tomas Hertl wins face-off versus Markus Granlund in Penguins zone.
12:15 of 1st period - Backhand shot by Artemi Panarin.
12:15 of 1st period - Shot Misses the Net.
12:17 of 1st period - Slapshot by Alex Goligoski.
12:17 of 1st period - Shot Blocked by Cale Makar.
12:19 of 1st period - Wrist shot by Tomas Hertl.
12:19 of 1st period - Stopped by Tuukka Rask with a rebound.
12:21 of 1st period - Slapshot by Tyler Johnson.
12:21 of 1st period - Stopped by Tuukka Rask with a rebound.
12:38 of 1st period - Snap shot by Alexander Radulov.
12:38 of 1st period - Stopped by Tuukka Rask without a rebound.
12:39 of 1st period - Artem Anisimov wins face-off versus Tim Schaller in Penguins zone.
13:11 of 1st period - Snap shot by Patric Hornqvist.
13:11 of 1st period - Shot Misses the Net.
13:48 of 1st period - Slapshot by Cale Makar.
13:48 of 1st period - Shot Blocked by Brian Dumoulin.
13:50 of 1st period - Slapshot by Cale Makar.
13:50 of 1st period - Stopped by Semyon Varlamov without a rebound.
13:51 of 1st period - Adam Lowry wins face-off versus Artem Anisimov in Kings zone.
13:58 of 1st period - Backhand shot by Alexander Radulov.
13:58 of 1st period - Stopped by Tuukka Rask with a rebound.
14:00 of 1st period - Snap shot by Brian Dumoulin.
14:00 of 1st period - Stopped by Tuukka Rask with a rebound.
14:23 of 1st period - Off-side.
14:24 of 1st period - Tomas Hertl wins face-off versus Auston Matthews in neutral zone.
14:35 of 1st period - Auston Matthews is hit by Shea Weber and loses puck.
15:18 of 1st period - Wrist shot by Mikkel Boedker.
15:18 of 1st period - Stopped by Semyon Varlamov with a rebound.
15:20 of 1st period - Wrist shot by Markus Granlund.
15:20 of 1st period - Shot Blocked by Brian Dumoulin.
15:22 of 1st period - Slapshot by Cale Makar.
15:22 of 1st period - Stopped by Semyon Varlamov with a rebound.
15:24 of 1st period - Wrist shot by Markus Granlund.
15:24 of 1st period - Stopped by Semyon Varlamov without a rebound.
15:25 of 1st period - Tomas Hertl wins face-off versus Auston Matthews in Kings zone.
15:36 of 1st period - Wrist shot by Auston Matthews.
15:36 of 1st period - Shot Blocked by Brian Dumoulin.
15:59 of 1st period - Slapshot by Artem Anisimov.
15:59 of 1st period - Stopped by Tuukka Rask without a rebound.
16:00 of 1st period - Artem Anisimov wins face-off versus Markus Granlund in Penguins zone.
16:33 of 1st period - Wrist shot by Artem Anisimov.
16:33 of 1st period - Shot Misses the Net.
16:35 of 1st period - Wrist shot by Artturi Lehkonen.
16:35 of 1st period - Shot Misses the Net.
16:37 of 1st period - Snap shot by Zack Smith.
16:37 of 1st period - Stopped by Tuukka Rask without a rebound.
16:38 of 1st period - Tim Schaller wins face-off versus Tomas Hertl in Penguins zone.
16:38 of 1st period - Tim Schaller is hit by Tyler Johnson.
16:46 of 1st period - Tim Schaller is hit by Artemi Panarin and loses puck.
17:05 of 1st period - Mikael Granlund is hit by Artem Anisimov and loses puck.
17:34 of 1st period - Snap shot by Taro Hirose.
17:34 of 1st period - Shot Misses the Net.
17:54 of 1st period - Wrist shot by Sam Bennett.
17:54 of 1st period - Shot Blocked by Danny DeKeyser.
Goals for this period are 0 for Penguins vs 0 for Kings.
Shots for this period are 13 for Penguins vs 10 for Kings.

2nd period


0:01 of 2nd period - Alex Ovechkin wins face-off versus Tim Schaller in neutral zone.
0:35 of 2nd period - Icing by Roman Polak.
0:36 of 2nd period - Auston Matthews wins face-off versus Zack Smith in Penguins zone.
0:43 of 2nd period - Snap shot by Mikael Granlund.
0:43 of 2nd period - Shot Blocked by Artturi Lehkonen.
0:45 of 2nd period - Snap shot by Auston Matthews.
0:45 of 2nd period - Deflect By Patric Hornqvist.
0:45 of 2nd period - Stopped by Semyon Varlamov without a rebound.
0:46 of 2nd period - Zack Smith wins face-off versus Markus Granlund in Kings zone.
1:03 of 2nd period - Wrist shot by Taro Hirose.
1:03 of 2nd period - Shot Misses the Net.
1:05 of 2nd period - Slapshot by Zack Smith.
1:05 of 2nd period - Stopped by Tuukka Rask without a rebound.
1:06 of 2nd period - Artem Anisimov wins face-off versus Tim Schaller in Penguins zone.
1:58 of 2nd period - Sean Kuraly is hit by Reid Boucher and loses puck.
2:40 of 2nd period - Wrist shot by Alexander Radulov.
2:40 of 2nd period - Stopped by Tuukka Rask without a rebound.
2:41 of 2nd period - Artem Anisimov wins face-off versus Tim Schaller in Penguins zone.
2:47 of 2nd period - Off-side.
2:48 of 2nd period - Auston Matthews wins face-off versus Artemi Panarin in neutral zone.
2:53 of 2nd period - Wrist shot by Patric Hornqvist.
2:53 of 2nd period - Stopped by Semyon Varlamov with a rebound.
3:01 of 2nd period - Snap shot by Mikael Granlund.
3:01 of 2nd period - Shot Blocked by Jonas Brodin.
3:13 of 2nd period - Wrist shot by Alex Ovechkin.
3:13 of 2nd period - Stopped by Tuukka Rask with a rebound.
3:15 of 2nd period - Wrist shot by Alexander Radulov.
3:15 of 2nd period - Shot Blocked by Joel Armia.
3:17 of 2nd period - Slapshot by Jonas Brodin.
3:17 of 2nd period - Shot Blocked by Joel Armia.
3:25 of 2nd period - Wrist shot by Alex Ovechkin.
3:25 of 2nd period - Shot Misses the Net.
3:27 of 2nd period - Snap shot by Alex Ovechkin.
3:27 of 2nd period - Shot Blocked by Adam Lowry.
4:45 of 2nd period - Wrist shot by Alex Ovechkin.
4:45 of 2nd period - Shot Blocked by Cale Makar.
5:05 of 2nd period - Wrist shot by Taro Hirose.
5:05 of 2nd period - Shot Misses the Net.
5:51 of 2nd period - Snap shot by Mikael Granlund.
5:51 of 2nd period - Deflect By Auston Matthews.
5:51 of 2nd period - Shot Misses the Net.
5:51 of 2nd period - Puck is out of play.
5:52 of 2nd period - Artem Anisimov wins face-off versus Tim Schaller in Kings zone.
6:53 of 2nd period - Sam Bennett is hit by Artturi Lehkonen and loses puck.
7:32 of 2nd period - Snap shot by Alex Ovechkin.
7:32 of 2nd period - Stopped by Tuukka Rask with a rebound.
7:34 of 2nd period - Snap shot by Alexander Radulov.
7:34 of 2nd period - Shot Blocked by Tim Schaller.
8:09 of 2nd period - Cale Makar is hit by Artturi Lehkonen and loses puck.
8:34 of 2nd period - Snap shot by Reid Boucher.
8:34 of 2nd period - Shot Blocked by Alexander Radulov.
8:55 of 2nd period - Adam Lowry is hit by Carter Rowney and loses puck.
9:10 of 2nd period - Cale Makar is hit by Artemi Panarin and loses puck.
10:15 of 2nd period - Adam Lowry is hit by Sean Kuraly and loses puck.
10:36 of 2nd period - Tim Schaller is hit by Alex Goligoski and loses puck.
10:53 of 2nd period - Wrist shot by Adam Lowry.
10:53 of 2nd period - Deflect By Joel Armia.
10:53 of 2nd period - Stopped by Semyon Varlamov with a rebound.
10:59 of 2nd period - Slapshot by Brent Burns.
10:59 of 2nd period - Shot Blocked by Zack Smith.
11:01 of 2nd period - Snap shot by Adam Lowry.
11:01 of 2nd period - Stopped by Semyon Varlamov with a rebound.
11:03 of 2nd period - Slapshot by Adam Lowry.
11:03 of 2nd period - Deflect By Joel Armia.
11:03 of 2nd period - Shot Misses the Net.
11:03 of 2nd period - Puck is out of play.
11:04 of 2nd period - Auston Matthews wins face-off versus Zack Smith in Kings zone.
11:05 of 2nd period - Slapshot by Mikael Granlund.
11:05 of 2nd period - Stopped by Semyon Varlamov with a rebound.
11:07 of 2nd period - Snap shot by Auston Matthews.
11:07 of 2nd period - Deflect By Mikael Granlund.
11:07 of 2nd period - Shot Blocked by Zack Smith.
11:07 of 2nd period - Puck is out of play.
11:08 of 2nd period - Auston Matthews wins face-off versus Artem Anisimov in Kings zone.
11:09 of 2nd period - Wrist shot by Patric Hornqvist.
11:09 of 2nd period - Shot Misses the Net.
11:11 of 2nd period - Slapshot by Roman Polak.
11:11 of 2nd period - Shot Blocked by Artem Anisimov.
11:13 of 2nd period - Snap shot by Cale Makar.
11:13 of 2nd period - Stopped by Semyon Varlamov with a rebound.
11:15 of 2nd period - Snap shot by Patric Hornqvist.
11:15 of 2nd period - Shot Misses the Net.
11:25 of 2nd period - Snap shot by Alex Ovechkin.
11:25 of 2nd period - Goal by Alex Ovechkin - Penguins : 0 - Kings : 1.
11:26 of 2nd period - Auston Matthews wins face-off versus Tomas Hertl in neutral zone.
11:41 of 2nd period - Snap shot by Mikael Granlund.
11:41 of 2nd period - Stopped by Semyon Varlamov with a rebound.
11:51 of 2nd period - Markus Granlund is hit by Alexander Radulov and loses puck.
12:21 of 2nd period - Miro Heiskanen is hit by Artturi Lehkonen and loses puck.
14:21 of 2nd period - Snap shot by Brian Boyle.
14:21 of 2nd period - Shot Misses the Net.
14:23 of 2nd period - Wrist shot by Sam Bennett.
14:23 of 2nd period - Goal by Sam Bennett - Penguins : 1 - Kings : 1.
14:24 of 2nd period - Auston Matthews wins face-off versus Tomas Hertl in neutral zone.
14:39 of 2nd period - Off-side.
14:40 of 2nd period - Markus Granlund wins face-off versus Artem Anisimov in neutral zone.
15:08 of 2nd period - Off-side.
15:09 of 2nd period - Tomas Hertl wins face-off versus Auston Matthews in neutral zone.
15:34 of 2nd period - Adam Lowry is hit by Brian Dumoulin and loses puck.
16:16 of 2nd period - Icing by Cale Makar.
16:17 of 2nd period - Sean Kuraly wins face-off versus Markus Granlund in Penguins zone.
16:18 of 2nd period - Slapshot by Nikolay Goldobin.
16:18 of 2nd period - Shot Blocked by Markus Granlund.
16:49 of 2nd period - Off-side.
16:50 of 2nd period - Tomas Hertl wins face-off versus Auston Matthews in neutral zone.
17:02 of 2nd period - Snap shot by Patric Hornqvist.
17:02 of 2nd period - Shot Blocked by Brian Dumoulin.
17:04 of 2nd period - Slapshot by Brent Burns.
17:04 of 2nd period - Stopped by Semyon Varlamov without a rebound.
17:05 of 2nd period - Artem Anisimov wins face-off versus Tim Schaller in Kings zone.
17:05 of 2nd period - Artem Anisimov is hit by Adam Lowry.
17:36 of 2nd period - Slapshot by Patric Hornqvist.
17:36 of 2nd period - Shot Blocked by Shea Weber.
17:54 of 2nd period - Snap shot by Sam Bennett.
17:54 of 2nd period - Shot Blocked by Alex Goligoski.
18:11 of 2nd period - Icing by Steve Bernier.
18:12 of 2nd period - Sean Kuraly wins face-off versus Sam Bennett in Penguins zone.
18:13 of 2nd period - Snap shot by Nikolay Goldobin.
18:13 of 2nd period - Stopped by Tuukka Rask without a rebound.
18:14 of 2nd period - Auston Matthews wins face-off versus Tomas Hertl in Penguins zone.
18:24 of 2nd period - Snap shot by Auston Matthews.
18:24 of 2nd period - Shot Misses the Net.
18:26 of 2nd period - Snap shot by Mikael Granlund.
18:26 of 2nd period - Shot Blocked by Artemi Panarin.
18:28 of 2nd period - Slapshot by Brent Burns.
18:28 of 2nd period - Stopped by Semyon Varlamov with a rebound.
18:30 of 2nd period - Slapshot by Mikael Granlund.
18:30 of 2nd period - Shot Misses the Net.
18:40 of 2nd period - Jonas Brodin is hit by Brent Burns and loses puck.
18:53 of 2nd period - Tyler Myers is hit by Alex Ovechkin and loses puck.
19:15 of 2nd period - Snap shot by Taro Hirose.
19:15 of 2nd period - Shot Blocked by Tyler Myers.
19:33 of 2nd period - Wrist shot by Cale Makar.
19:33 of 2nd period - Stopped by Semyon Varlamov with a rebound.
19:57 of 2nd period - Slapshot by Taro Hirose.
19:57 of 2nd period - Deflect By Sam Bennett.
19:57 of 2nd period - Stopped by Tuukka Rask without a rebound.
19:58 of 2nd period - Auston Matthews wins face-off versus Tomas Hertl in Penguins zone.
Goals for this period are 1 for Penguins vs 1 for Kings.
Shots for this period are 11 for Penguins vs 7 for Kings.

3rd period


0:01 of 3rd period - Tomas Hertl wins face-off versus Auston Matthews in neutral zone.
0:32 of 3rd period - Slapshot by Taro Hirose.
0:32 of 3rd period - Stopped by Tuukka Rask without a rebound.
0:33 of 3rd period - Tim Schaller wins face-off versus Zack Smith in Penguins zone.
0:35 of 3rd period - Minor Penalty to Tim Schaller for Hooking.
0:36 of 3rd period - Auston Matthews wins face-off versus Tomas Hertl in Penguins zone.
1:55 of 3rd period - Slapshot by Patric Hornqvist.
1:55 of 3rd period - Stopped by Semyon Varlamov without a rebound.
1:56 of 3rd period - Auston Matthews wins face-off versus Artem Anisimov in Kings zone.
1:57 of 3rd period - Wrist shot by Mikael Granlund.
1:57 of 3rd period - Stopped by Semyon Varlamov with a rebound.
2:35 of 3rd period - Penalty to Tim Schaller is over, Tim Schaller is back on ice.
3:04 of 3rd period - Off-side.
3:05 of 3rd period - Sean Kuraly wins face-off versus Markus Granlund in neutral zone.
3:30 of 3rd period - Roman Polak is hit by Sean Kuraly and loses puck.
4:01 of 3rd period - Slapshot by Nikolay Goldobin.
4:01 of 3rd period - Stopped by Tuukka Rask with a rebound.
4:54 of 3rd period - Snap shot by Nikolay Goldobin.
4:54 of 3rd period - Deflect By Carter Rowney.
4:54 of 3rd period - Stopped by Tuukka Rask with a rebound.
4:59 of 3rd period - Off-side.
5:00 of 3rd period - Tomas Hertl wins face-off versus Auston Matthews in neutral zone.
5:11 of 3rd period - Slapshot by Brent Burns.
5:11 of 3rd period - Deflect By Luke Schenn.
5:11 of 3rd period - Stopped by Semyon Varlamov without a rebound.
5:12 of 3rd period - Auston Matthews wins face-off versus Artem Anisimov in Kings zone.
5:50 of 3rd period - Wrist shot by Alex Ovechkin.
5:50 of 3rd period - Shot Blocked by Brent Burns.
6:18 of 3rd period - Off-side.
6:19 of 3rd period - Auston Matthews wins face-off versus Zack Smith in neutral zone.
6:28 of 3rd period - Taro Hirose is hit by Auston Matthews and loses puck.
6:47 of 3rd period - Icing by Luke Schenn.
6:48 of 3rd period - Zack Smith wins face-off versus Sam Bennett in Kings zone.
6:48 of 3rd period - Zack Smith is hit by Sam Bennett.
8:30 of 3rd period - Slapshot by Brent Burns.
8:30 of 3rd period - Stopped by Semyon Varlamov without a rebound.
8:31 of 3rd period - Artem Anisimov wins face-off versus Markus Granlund in Kings zone.
8:36 of 3rd period - Tyler Myers is hit by Alexander Radulov and loses puck.
9:39 of 3rd period - Patric Hornqvist is hit by Luke Schenn.
9:40 of 3rd period - Icing by Patric Hornqvist.
9:41 of 3rd period - Auston Matthews wins face-off versus Sean Kuraly in Penguins zone.
9:50 of 3rd period - Wrist shot by Carter Rowney.
9:50 of 3rd period - Shot Blocked by Cale Makar.
9:52 of 3rd period - Slapshot by Carter Rowney.
9:52 of 3rd period - Shot Blocked by Roman Polak.
10:10 of 3rd period - Snap shot by Nikolay Goldobin.
10:10 of 3rd period - Stopped by Tuukka Rask without a rebound.
10:11 of 3rd period - Tyler Johnson wins face-off versus Tim Schaller in Penguins zone.
10:12 of 3rd period - Wrist shot by Artemi Panarin.
10:12 of 3rd period - Shot Misses the Net.
10:48 of 3rd period - Minor Penalty to Alex Ovechkin for Tripping.
10:49 of 3rd period - Auston Matthews wins face-off versus Zack Smith in Kings zone.
11:02 of 3rd period - Wrist shot by Auston Matthews.
11:02 of 3rd period - Deflect By Mikael Granlund.
11:02 of 3rd period - Shot Misses the Net.
11:02 of 3rd period - Puck is out of play.
11:03 of 3rd period - Auston Matthews wins face-off versus Zack Smith in Kings zone.
11:35 of 3rd period - Snap shot by Joel Armia.
11:35 of 3rd period - Deflect By Adam Lowry.
11:35 of 3rd period - Stopped by Semyon Varlamov without a rebound.
11:36 of 3rd period - Artturi Lehkonen wins face-off versus Adam Lowry in Kings zone.
12:48 of 3rd period - Penalty to Alex Ovechkin is over, Alex Ovechkin is back on ice.
13:01 of 3rd period - Backhand shot by Mikkel Boedker.
13:01 of 3rd period - Shot Misses the Net.
13:04 of 3rd period - Icing by Alex Ovechkin.
13:05 of 3rd period - Sam Bennett wins face-off versus Artem Anisimov in Kings zone.
13:17 of 3rd period - Snap shot by Artem Anisimov.
13:17 of 3rd period - Stopped by Tuukka Rask without a rebound.
13:18 of 3rd period - Auston Matthews wins face-off versus Tomas Hertl in Penguins zone.
13:31 of 3rd period - Auston Matthews is hit by Tomas Hertl and loses puck.
13:44 of 3rd period - Brent Burns is hit by Zack Smith and loses puck.
14:09 of 3rd period - Slapshot by Shea Weber.
14:09 of 3rd period - Stopped by Tuukka Rask with a rebound.
15:10 of 3rd period - Icing by Roman Polak.
15:11 of 3rd period - Artem Anisimov wins face-off versus Tim Schaller in Penguins zone.
15:14 of 3rd period - Snap shot by Alex Ovechkin.
15:14 of 3rd period - Goal by Alex Ovechkin - Penguins : 1 - Kings : 2.
15:15 of 3rd period - Tomas Hertl wins face-off versus Markus Granlund in neutral zone.
15:15 of 3rd period - Artemi Panarin is hit by Mikkel Boedker and loses puck.
15:42 of 3rd period - Alex Ovechkin is hit by Auston Matthews and loses puck.
15:53 of 3rd period - Snap shot by Mikael Granlund.
15:53 of 3rd period - Stopped by Semyon Varlamov without a rebound.
15:54 of 3rd period - Tomas Hertl wins face-off versus Tim Schaller in Kings zone.
16:02 of 3rd period - Off-side.
16:03 of 3rd period - Tim Schaller wins face-off versus Tyler Johnson in neutral zone.
16:12 of 3rd period - Wrist shot by Joel Armia.
16:12 of 3rd period - Shot Misses the Net.
16:22 of 3rd period - Snap shot by Artemi Panarin.
16:22 of 3rd period - Shot Misses the Net.
16:26 of 3rd period - Snap shot by Tyler Johnson.
16:26 of 3rd period - Stopped by Tuukka Rask with a rebound.
16:28 of 3rd period - Backhand shot by Luke Schenn.
16:28 of 3rd period - Stopped by Tuukka Rask with a rebound.
16:30 of 3rd period - Slapshot by Luke Schenn.
16:30 of 3rd period - Deflect By Brent Burns.
16:30 of 3rd period - Stopped by Tuukka Rask without a rebound.
16:31 of 3rd period - Zack Smith wins face-off versus Markus Granlund in Penguins zone.
16:32 of 3rd period - Snap shot by Taro Hirose.
16:32 of 3rd period - Shot Misses the Net.
16:34 of 3rd period - Snap shot by Jonas Brodin.
16:34 of 3rd period - Shot Misses the Net.
16:58 of 3rd period - Auston Matthews is hit by Alex Ovechkin and loses puck.
18:23 of 3rd period - Slapshot by Auston Matthews.
18:23 of 3rd period - Stopped by Semyon Varlamov with a rebound.
19:08 of 3rd period - Penguins, Tuukka Rask is pulled from the net.
19:20 of 3rd period - Snap shot by Auston Matthews.
19:20 of 3rd period - Shot Misses the Net.
19:22 of 3rd period - Wrist shot by Patric Hornqvist.
19:22 of 3rd period - Shot Misses the Net.
19:24 of 3rd period - Snap shot by Patric Hornqvist.
19:24 of 3rd period - Shot Misses the Net.
19:26 of 3rd period - Wrist shot by Tyler Myers.
19:26 of 3rd period - Shot Blocked by Zack Smith.
19:28 of 3rd period - Slapshot by Tyler Myers.
19:28 of 3rd period - Shot Misses the Net.
19:30 of 3rd period - Slapshot by Dmitry Orlov.
19:30 of 3rd period - Shot Blocked by Tomas Hertl.
19:36 of 3rd period - Snap shot by Mikael Granlund.
19:36 of 3rd period - Stopped by Semyon Varlamov with a rebound.
19:38 of 3rd period - Wrist shot by Tyler Myers.
19:38 of 3rd period - Shot Misses the Net.
19:40 of 3rd period - Wrist shot by Tyler Myers.
19:40 of 3rd period - Deflect By Auston Matthews.
19:40 of 3rd period - Goal by Auston Matthews - Penguins : 2 - Kings : 2.
19:40 of 3rd period - Tuukka Rask from Penguins was sent back in the game.
19:41 of 3rd period - Artturi Lehkonen wins face-off versus Markus Granlund in neutral zone.
Goals for this period are 1 for Penguins vs 1 for Kings.
Shots for this period are 9 for Penguins vs 10 for Kings.

Overtime #1


0:01 of 1st overtime period - Auston Matthews wins face-off versus Tomas Hertl in neutral zone.
2:51 of 1st overtime period - Icing by Cale Makar.
2:52 of 1st overtime period - Auston Matthews wins face-off versus Tomas Hertl in Penguins zone.
3:19 of 1st overtime period - Wrist shot by Mikael Granlund.
3:19 of 1st overtime period - Stopped by Semyon Varlamov without a rebound.
3:20 of 1st overtime period - Tomas Hertl wins face-off versus Brian Boyle in Kings zone.
3:34 of 1st overtime period - Off-side.
3:35 of 1st overtime period - Tomas Hertl wins face-off versus Auston Matthews in neutral zone.
3:48 of 1st overtime period - Snap shot by Brian Boyle.
3:48 of 1st overtime period - Goal by Brian Boyle - Penguins : 3 - Kings : 2.
Goals for this period are 1 for Penguins vs 0 for Kings.
Shots for this period are 2 for Penguins vs 0 for Kings.